 Dungeon Crawl Stone Soup version 0.31.0-11-ge490571c62 (webtiles) character file.

Game seed: 5185304988785165958

30 qw the Shooter (level 3, 0/20 HPs)
             Began as a Deep Elf Hunter on Feb 4, 2024.
             Slain by a gnoll
             ... wielding a +0 flail
              (2 damage)
             ... on level 2 of the Dungeon.
             The game lasted 00:00:06 (217 turns).

qw the Shooter (Deep Elf Hunter)                     Turns: 217, Time: 00:00:07

Health: 0/20       AC:  3    Str: 10    XL:     3   Next: 3%
Magic:  5/5        EV: 12    Int: 13    God:
Gold:   41         SH:  0    Dex: 18    Spells: 2/2 levels left

rFire   . . .        a - +0 shortbow
rCold   . . .        (shield currently unavailable)
rNeg    . . .        c - +0 leather armour
rPois   .            (no helmet)
rElec   .            (no cloak)
rCorr   .            (no gloves)
SInv    .            (no boots)
Will    .....        (no amulet)
Stlth   ++           (no ring)
HPRegen 0.23/turn    (no ring)
MPRegen 0.09/turn

%: no passive effects
@: no status effects
A: no striking features
a: no special abilities


You were on level 2 of the Dungeon.
You visited 1 branch of the dungeon, and saw 2 of its levels.

You collected 41 gold pieces.


   Skills:
 - Level 1.5 Fighting
 + Level 6.6 Ranged Weapons
 - Level 2.4 Dodging
 - Level 1.2 Stealth


You had 2 spell levels left.
You didn't know any spells.
Your spell library was empty.

Inventory:

Hand Weapons
 a - a +0 shortbow (weapon)
Armour
 c - a +0 leather armour (worn)
Scrolls
 b - a scroll of butterflies
 g - a scroll of identify {unknown}
Potions
 d - a potion of haste {unknown}
 e - a potion of curing {unknown}
 f - a potion of brilliance {unknown}

Dungeon Overview and Level Annotations

Branches:
Dungeon (2/15)

Altars:


Message History

202 ||| RETREEEEATING.
Enter note:
203 ||| RETREEEEATING.
You shoot an arrow. The arrow closely misses the gnoll.
A gnoll comes into view.
It is wielding a +0 whip and quivering a throwing net.
Enter note:
205 ||| RETREEEEATING.
207 ||| RETREEEEATING.
The gnoll shouts!
You shoot an arrow.
The arrow hits the gnoll but does no damage.
You shoot an arrow.
The arrow hits the gnoll but does no damage.
The gnoll is heavily wounded.
You shoot an arrow. The arrow hits the gnoll.
The gnoll is heavily wounded.
The gnoll hits you from afar with a +0 spear.
Enter note:
Enter note:
211 ||| RETREEEEATING.
Enter note: You shoot an arrow.
The arrow hits the gnoll.
The gnoll is heavily wounded.
The gnoll hits you from afar with a +0 spear.
You shoot an arrow. The arrow hits the gnoll.
You kill the gnoll!
You shoot an arrow. The arrow hits the gnoll.
You kill the gnoll!
You have reached level 3!
Your experience leads to an increase in your attributes!
Increase (S)trength, (I)ntelligence, or (D)exterity?
You feel stronger. x2
You shoot an arrow.
The arrow hits the gnoll but does no damage.
You shoot an arrow. The arrow closely misses the gnoll.
The gnoll hits you with a +0 whip!
You shoot an arrow. The arrow hits the gnoll.
The gnoll is heavily wounded.
The gnoll barely misses you. The gnoll hits you with a +0 flail.
You die...

#...............#
#...........)...#
#.............:.#
#...............#
#...............#
#...............#
#...............#
#############.###
##@# #gg# ###)##
####...# #g....##
#..#...#
.....$...#
.g.......#
.........#


You could see 2 gnolls.

Vanquished Creatures
  2 gnolls (D:2)
  A ribbon worm (D:2)
  An endoplasm (D:2)
  A giant cockroach (D:2)
  A goblin (D:1)
  A bat (D:1)
  A frilled lizard (D:2)
  2 kobolds
  A rat (D:2)
11 creatures vanquished.

Notes
Turn   | Place    | Note
-------+----------+-------------------------------------------
     0 | D:1      | qw the Deep Elf Hunter began the quest for the Orb.
     0 | D:1      | Reached XP level 1. HP: 12/12 MP: 3/3
     0 | D:1      | 0 ||| qw: Version: 0.3-a-160-g6735b56
     0 | D:1      | 0 ||| qw: Game counter: 5753
     0 | D:1      | 0 ||| qw: Melee chars always use a shield: true
     0 | D:1      | 0 ||| qw: God list: Okawaru
     0 | D:1      | 0 ||| qw: Allow faded altars: false
     0 | D:1      | 0 ||| qw: Do Orc after clearing Dungeon:15 true
     0 | D:1      | 0 ||| qw: Do second Lair branch before Depths: true
     0 | D:1      | 0 ||| qw: Lair rune preference: random
     0 | D:1      | 0 ||| qw: Goals: Normal
     0 | D:1      | 0 ||| PLANNING D:1-11
   119 | D:1      | You fall into a shaft and drop 1 floor!
   178 | D:2      | Reached skill level 6 in Ranged Weapons
   178 | D:2      | Reached XP level 2. HP: 16/16 MP: 4/4
   202 | D:2      | 202 ||| RETREEEEATING.
   203 | D:2      | 203 ||| RETREEEEATING.
   205 | D:2      | 205 ||| RETREEEEATING.
   207 | D:2      | 207 ||| RETREEEEATING.
   211 | D:2      | 211 ||| RETREEEEATING.
   215 | D:2      | Reached XP level 3. HP: 11/20 MP: 5/5
   216 | D:2      | HP: 2/20 [gnoll/+0 whip (9)]
   217 | D:2      | Slain by a gnoll

Levels and vault maps discovered:
D:1:      tarquinn_simple_flora_water_b, layout_loops_ring, serial_shops, shop,
          minmay_heptomino_o4
D:2:      layout_basic

Skill      XL: |  1 |
---------------+----+-----
Ranged Weapons | 6 |  6.6
Fighting       | |  1.5
Dodging        | |  2.4
Stealth        | |  1.2

Action                     || total
---------------------------++-------
   Fire: Shortbow          ||    39
 Armour: Leather armour    ||     7
  Dodge: Dodged            ||     4

Table legend:
 A = Non-vault XP
 B = Vault XP
 C = Vault XP percentage of total XP
 D = Non-vault monster count
 E = Vault monster count
 F = Vault count percentage of total count
                 A         B        C        D         E       F
            +---------+---------+-------+---------+---------+-------
      Total |      43 |       0 |   0.0 |      11 |       0 |   0.0
            +---------+---------+-------+---------+---------+-------
        D:1 |       4 |       0 |   0.0 |       3 |       0 |   0.0
        D:2 |      39 |       0 |   0.0 |       8 |       0 |   0.0
            +---------+---------+-------+---------+---------+-------
